[Event "Titled Tuesday Blitz July 11 Late 2023"]
[White "Svane, Rasmus"]
[Black "Nakamura, Hikaru"]
[WhiteFideId "4657101"]
[BlackFideId "2016192"]
[WhiteElo "2950"]
[BlackElo "3244"]
[Result "1-0"]
[Round "5"]
[TimeControl "180+2"]
[Date "2023.07.11"]
[WhiteClock "0:00:10"]
[BlackClock "0:00:02"]
[Board "2"]

1. Nf3 a6 2. g3 d6 3. d4 b5 4. Bg2 Bb7 5. O-O Nf6 6. b3 Nbd7 7. c4 e6 8. Nc3 b4 9. Na4 c5 10. a3 a5 11. axb4 axb4 12. Bb2 Be7 13. dxc5 dxc5 14. Ne5 Bxg2 15. Kxg2 O-O 16. Nc6 Qe8 17. Qd3 Ra6 18. Nxe7+ Qxe7 19. Bxf6 Nxf6 20. Nb2 Rd6 21. Qf3 e5 22. Rfd1 e4 23. Qf4 Rd4 24. e3 Rdd8 25. Na4 Rd3 26. Qf5 Rfd8 27. Rdb1 Rd2 28. Qxc5 Qe6 29. Rb2 Qg4 30. Rxd2 Rxd2 31. Rf1 h5 32. Qxb4 h4 33. Qb8+ Kh7 34. Qf4 h3+ 35. Kg1 Qd7 36. Nc3 Qd3 37. Nd5 Nxd5 38. cxd5 Qxd5 39. Qh4+ Kg8 40. Qxh3 Rb2 41. Qc8+ Kh7 42. Qc4 Qxc4 43. bxc4 Rc2 44. Rd1 Rxc4 45. g4 Rc6 46. Kg2 g5 47. Rd5 f6 48. Rd7+ Kg6 49. Re7 Rc4 50. h3 Ra4 51. Kg3 Rb4 52. h4 gxh4+ 53. Kxh4 Ra4 54. Kg3 Rb4 55. Rd7 Rb1 56. Rd4 f5 57. Kf4 fxg4 58. Rxe4 Kh5 59. Re5+ Kh4 60. Re8 Kh3 61. e4 Rb4 62. Rg8 Rb2 63. Rh8+ Kg2 64. Kxg4 Rxf2 65. e5 Rf7 66. e6 1-0


[Site "https://www.chess.com"]

[Event "Titled Tuesday Blitz July 11 Late 2023"]
[White "Fedoseev, Vladimir"]
[Black "Shimanov, Aleksandr"]
[WhiteFideId "24130737"]
[BlackFideId "4198603"]
[WhiteElo "3079"]
[BlackElo "2934"]
[Result "1-0"]
[Round "5"]
[TimeControl "180+2"]
[Date "2023.07.11"]
[WhiteClock "0:00:14"]
[BlackClock "0:00:00"]
[Board "3"]

1. b3 e5 2. Bb2 Nc6 3. g3 d5 4. Bg2 Be6 5. d3 Qd7 6. Nd2 h5 7. c4 h4 8. cxd5 Bxd5 9. Bh3 Be6 10. Bxe6 Qxe6 11. Ngf3 hxg3 12. fxg3 O-O-O 13. Rc1 Nge7 14. Qc2 Rd7 15. Qc4 Nd5 16. a3 Qe8 17. b4 Nb6 18. Qg4 f6 19. b5 Nd4 20. Nxd4 exd4 21. Nf3 g6 22. Bxd4 f5 23. Qf4 Bh6 24. Qe5 Bxc1 25. Qxh8 Qxh8 26. Bxh8 Bxa3 27. h4 Rd5 28. Kf2 Rxb5 29. Ne5 Bb2 30. Nxg6 Nd7 31. Bxb2 Rxb2 32. h5 Nf6 33. h6 Nh7 34. Ne7+ Kd7 35. Nxf5 a5 36. g4 a4 37. Ne3 Rb6 38. g5 Rg6 39. Rh4 b6 40. Rxa4 Nxg5 41. Rh4 Nh7 42. Nf5 Ke6 43. e4 c5 44. Rh1 Ke5 45. Ke3 Rf6 46. Rg1 Rf8 47. Rg7 1-0


[Site "https://www.chess.com"]

[Event "Titled Tuesday Blitz July 11 Late 2023"]
[White "Martinez Alcantara, Jose Eduardo"]
[Black "Antipov, Mikhail Al."]
[WhiteFideId "3805662"]
[BlackFideId "4107012"]
[WhiteElo "3023"]
[BlackElo "2904"]
[Result "0-1"]
[Round "5"]
[TimeControl "180+2"]
[Date "2023.07.11"]
[WhiteClock "0:00:04"]
[BlackClock "0:00:09"]
[Board "4"]

1. e4 c5 2. Nf3 Nc6 3. c3 e5 4. Bc4 Nf6 5. d3 Be7 6. Bg5 O-O 7. Nbd2 d6 8. a4 Be6 9. Bxf6 Bxf6 10. Bxe6 fxe6 11. O-O Qd7 12. a5 Rf7 13. Qa4 a6 14. b4 cxb4 15. cxb4 d5 16. b5 axb5 17. Qxb5 Bd8 18. Rfb1 Rxa5 19. Rxa5 Bxa5 20. Nb3 Bb4 21. Nc5 Bxc5 22. Qxc5 h6 23. h3 Kh7 24. Re1 Rxf3 25. gxf3 Qf7 26. exd5 Nd4 27. Re3 exd5 28. Kf1 Nxf3 29. Qb4 d4 30. Re4 Qf5 31. Ke2 Ng1+ 32. Ke1 Nxh3 33. Qd2 Ng5 34. Qe2 b5 35. Rg4 Nf3+ 36. Kd1 Qxg4 37. Kc2 b4 38. Kb3 h5 39. Kb2 h4 40. Qf1 h3 41. Qg1 Qxg1 0-1


[Site "https://www.chess.com"]

[Event "Titled Tuesday Blitz July 11 Late 2023"]
[White "Kravtsiv, Martyn"]
[Black "Paravyan, David"]
[WhiteFideId "14113147"]
[BlackFideId "4194985"]
[WhiteElo "2834"]
[BlackElo "3021"]
[Result "0-1"]
[Round "5"]
[TimeControl "180+2"]
[Date "2023.07.11"]
[WhiteClock "0:00:00"]
[BlackClock "0:00:30"]
[Board "5"]

1. e4 e5 2. Nf3 Nf6 3. Nc3 Nc6 4. a4 d5 5. exd5 Nxd5 6. Bb5 Nxc3 7. bxc3 Bd6 8. O-O O-O 9. d4 exd4 10. cxd4 Bg4 11. c3 Qf6 12. a5 Ne7 13. a6 bxa6 14. Rxa6 h6 15. h3 Bc8 16. Ra5 Bb7 17. Bd3 Nd5 18. c4 Nb4 19. Rf5 Qd8 20. Bb1 c5 21. dxc5 Bc7 22. Qb3 a5 23. Bb2 Re8 24. Rd1 a4 25. Rxd8 axb3 26. Rxe8+ Rxe8 27. Bc3 Rd8 28. Nd4 Nc2 29. Nxc2 bxc2 30. Bxc2 Be4 31. Rd5 Bxd5 32. cxd5 Rxd5 0-1


[Site "https://www.chess.com"]

[Event "Titled Tuesday Blitz July 11 Late 2023"]
[White "Andreikin, Dmitry"]
[Black "Svane, Frederik"]
[WhiteFideId "4158814"]
[BlackFideId "12923044"]
[WhiteElo "3019"]
[BlackElo "2809"]
[Result "1-0"]
[Round "5"]
[TimeControl "180+2"]
[Date "2023.07.11"]
[WhiteClock "0:00:57"]
[BlackClock "0:00:15"]
[Board "6"]

1. e4 c5 2. Nc3 Nc6 3. Bb5 g6 4. Bxc6 bxc6 5. d3 Bg7 6. Be3 Rb8 7. Nge2 Rxb2 8. O-O d6 9. Qd2 Nf6 10. h3 O-O 11. Rab1 Rxb1 12. Rxb1 e5 13. Bh6 Be6 14. Bxg7 Kxg7 15. f4 Nd7 16. Rb7 Qa8 17. Rb1 f6 18. g4 Bf7 19. Ng3 d5 20. g5 fxg5 21. f5 d4 22. Na4 Rb8 23. Rf1 h6 24. Qa5 Qb7 25. Nxc5 Qb6 26. Qxb6 Nxb6 27. fxg6 Kxg6 28. Nf5 Be8 29. Ne7+ Kh7 30. Rf8 Nd7 31. Nxd7 Rb1+ 32. Kf2 Bxd7 33. Rf7+ Kh8 34. Ng6+ Kg8 35. Rxd7 Rb2 36. Kf3 Rxc2 37. Kg4 Rxa2 38. Kf5 Rf2+ 39. Kxe5 c5 40. Ne7+ Kf8 41. Nf5 Ke8 42. Ke6 Rb2 43. Rxa7 Rb6+ 44. Nd6+ Kf8 45. e5 h5 46. Kf6 Kg8 47. Rg7+ Kf8 48. Rh7 Kg8 49. Rxh5 c4 50. Rxg5+ Kh7 51. dxc4 d3 52. Rg3 d2 53. Rd3 Rb2 54. e6 Rb1 55. Rxd2 Rf1+ 56. Ke5 Re1+ 57. Ne4 Rh1 58. e7 Rg1 59. e8=Q Rg5+ 60. Nxg5+ Kg7 61. Ne6+ Kh6 62. Qf8+ Kh7 63. Qg7# 1-0


[Site "https://www.chess.com"]

[Event "Titled Tuesday Blitz July 11 Late 2023"]
[White "He, Anthony"]
[Black "Licznerski, Lukasz"]
[WhiteFideId "2088215"]
[BlackFideId "1179250"]
[WhiteElo "2998"]
[BlackElo "2804"]
[Result "0-1"]
[Round "5"]
[TimeControl "180+2"]
[Date "2023.07.11"]
[WhiteClock "0:00:01"]
[BlackClock "0:00:03"]
[Board "7"]

1. d4 Nf6 2. Nc3 d5 3. Bf4 a6 4. e3 e6 5. g4 Bd6 6. g5 Bxf4 7. exf4 Ng8 8. h4 Ne7 9. Bd3 Qd6 10. Nge2 c5 11. dxc5 Qxc5 12. Qd2 Nbc6 13. O-O-O Qxf2 14. h5 h6 15. Rdf1 Qb6 16. Ng3 Bd7 17. gxh6 gxh6 18. f5 Ne5 19. fxe6 Bxe6 20. Rf6 O-O-O 21. Rxh6 Rhg8 22. Nge2 Ng4 23. Rh7 Nf6 24. Rh6 Ng4 25. Rf1 Nxh6 26. Qxh6 Rh8 27. Qg5 Qd6 28. Nf4 Rdg8 29. Qf6 Nc6 30. Ncxd5 Kb8 31. a3 Qe5 32. Qxe5+ Nxe5 33. Nf6 Rg5 34. Be2 Rf5 35. Ne4 Bd5 36. Nxd5 Rxf1+ 37. Bxf1 Rxh5 38. Be2 Rh1+ 39. Kd2 Rh2 40. Ke3 Rh3+ 41. Kf4 Ng6+ 42. Kf5 Rh2 43. Bd3 Nh4+ 44. Kf6 Nf3 45. Nc5 Ne1 46. Bf5 Nxc2 47. Kxf7 Nd4 48. Be4 Rxb2 49. Nb4 Nb5 50. Ke7 Nxa3 51. Nd5 Nc4 52. Bd3 Rb5 53. Bxc4 Rxc5 54. Bb3 Ka7 55. Kd6 Rc6+ 56. Ke5 b5 57. Kd4 a5 58. Nc3 Kb6 59. Kd3 Rc8 60. Nd5+ Kc5 61. Ne3 Rd8+ 62. Kc3 a4 63. Be6 Re8 0-1


[Site "https://www.chess.com"]

[Event "Titled Tuesday Blitz July 11 Late 2023"]
[White "Rastbod, Ali"]
[Black "Maghsoodloo, Parham"]
[WhiteFideId "12567477"]
[BlackFideId "12539929"]
[WhiteElo "2701"]
[BlackElo "2985"]
[Result "0-1"]
[Round "5"]
[TimeControl "180+2"]
[Date "2023.07.11"]
[WhiteClock "0:00:03"]
[BlackClock "0:00:05"]
[Board "8"]

1. c4 a6 2. Nc3 e6 3. d4 d5 4. cxd5 exd5 5. Nf3 Nf6 6. Bg5 c6 7. e3 Be6 8. Bd3 Nbd7 9. Qc2 Qc7 10. Bf4 Bd6 11. Bxd6 Qxd6 12. O-O O-O 13. h3 g6 14. Ne2 Ne8 15. Nf4 Ng7 16. b4 Bf5 17. a3 Qe7 18. Rfe1 Rfe8 19. Rab1 Bxd3 20. Nxd3 Nf5 21. Nc5 Nd6 22. Nd2 Nb6 23. e4 Ndc4 24. Nxc4 Nxc4 25. Qc3 Qc7 26. e5 b6 27. Nd3 b5 28. Nf4 a5 29. Qg3 axb4 30. axb4 Ra3 31. Qg4 Kh8 32. h4 Qe7 33. e6 f5 34. Nxg6+ hxg6 35. Qxg6 Raa8 36. Qxf5 Rf8 37. Qg4 Rg8 38. Qh3 Raf8 39. Rb3 Nd2 40. Rg3 Ne4 41. Rxg8+ Rxg8 42. Qh2 Qf6 43. Qe5 Qxe5 44. dxe5 Re8 45. f3 Nc3 46. f4 d4 47. Kf2 c5 48. bxc5 b4 49. Ra1 b3 50. Ra7 b2 51. Rb7 b1=Q 52. Rxb1 Nxb1 53. Ke2 Nc3+ 54. Kd3 Nd5 55. g3 Rxe6 56. Kxd4 Ne7 57. Ke4 Ra6 58. g4 Ra4+ 59. Kf3 Nc6 60. e6 Nd4+ 61. Ke4 Nxe6+ 62. Ke5 Nxc5 63. f5 Nd3+ 64. Kf6 Rxg4 0-1


[Site "https://www.chess.com"]

[Event "Titled Tuesday Blitz July 11 Late 2023"]
[White "Firouzja, Alireza"]
[Black "Sviridov, Valery"]
[WhiteFideId "12573981"]
[BlackFideId "4120680"]
[WhiteElo "3085"]
[BlackElo "2969"]
[Result "1-0"]
[Round "5"]
[TimeControl "180+2"]
[Date "2023.07.11"]
[WhiteClock "0:00:20"]
[BlackClock "0:00:11"]
[Board "9"]

1. d4 Nf6 2. Bg5 b6 3. Nc3 Bb7 4. Qd3 d5 5. O-O-O e6 6. f3 h6 7. Bh4 Be7 8. e4 a6 9. e5 Nfd7 10. Bxe7 Qxe7 11. f4 c5 12. Qg3 g5 13. Nf3 gxf4 14. Qxf4 Nc6 15. Ne2 O-O-O 16. c3 f6 17. exf6 Qxf6 18. g3 Rhf8 19. Bh3 Rde8 20. Qxf6 Rxf6 21. Nf4 Kc7 22. Rhe1 Nd8 23. Ne5 Nxe5 24. Rxe5 Bc8 25. Nxd5+ exd5 26. Bxc8 Rxe5 27. dxe5 Rf2 28. Bxa6 Rxh2 29. Rxd5 Rh1+ 30. Kc2 Re1 31. Bb5 Nc6 32. Bxc6 Kxc6 33. Rd6+ Kc7 34. Rxh6 Rxe5 35. Rg6 Re2+ 36. Kb3 b5 37. a3 Rg2 38. g4 Kb7 39. g5 Ka7 40. Rg8 Kb6 41. g6 c4+ 42. Ka2 Kb7 43. g7 Ka7 44. a4 b4 45. cxb4 c3 46. Rc8 1-0


[Site "https://www.chess.com"]

[Event "Titled Tuesday Blitz July 11 Late 2023"]
[White "Pranav, V"]
[Black "Hong, Andrew"]
[WhiteFideId "25060783"]
[BlackFideId "2099438"]
[WhiteElo "2953"]
[BlackElo "3082"]
[Result "1-0"]
[Round "5"]
[TimeControl "180+2"]
[Date "2023.07.11"]
[WhiteClock "0:00:09"]
[BlackClock "0:00:00"]
[Board "10"]

1. e4 e5 2. Nf3 Nc6 3. Bb5 a6 4. Ba4 d6 5. Bxc6+ bxc6 6. d4 exd4 7. Qxd4 Nf6 8. O-O Be7 9. Nc3 O-O 10. Bf4 Rb8 11. b3 Bg4 12. Qd3 Bxf3 13. Qxf3 Nd7 14. Rad1 Bf6 15. Na4 Re8 16. c4 Qe7 17. Rfe1 Qe6 18. h3 Ne5 19. Qe2 Ng6 20. Bc1 Be5 21. c5 Rb5 22. Qc2 Rc8 23. Be3 h6 24. cxd6 Bxd6 25. Nb2 Re8 26. Nc4 Bb4 27. Bd2 Nh4 28. Bxb4 Rg5 29. g4 h5 30. f4 Rxg4+ 31. hxg4 Qxg4+ 32. Kf1 Qh3+ 33. Ke2 Qf3+ 34. Kd2 Qxf4+ 35. Kc3 Nf3 36. Kb2 Nxe1 37. Rxe1 g5 38. Bc3 g4 39. e5 g3 40. e6 f5 41. Qe2 Qg4 42. Qe5 1-0


[Site "https://www.chess.com"]

[Event "Titled Tuesday Blitz July 11 Late 2023"]
[White "Bluebaum, Matthias"]
[Black "Grigoriants, Sergey"]
[WhiteFideId "24651516"]
[BlackFideId "4130804"]
[WhiteElo "3049"]
[BlackElo "2916"]
[Result "0-1"]
[Round "5"]
[TimeControl "180+2"]
[Date "2023.07.11"]
[WhiteClock "0:00:25"]
[BlackClock "0:00:15"]
[Board "11"]

1. d4 d5 2. c4 c6 3. Nf3 Nf6 4. Nc3 dxc4 5. e4 b5 6. Qc2 e6 7. Be2 Na6 8. O-O Be7 9. a3 O-O 10. e5 Nd5 11. Ne4 h6 12. b3 cxb3 13. Qxb3 c5 14. Bxb5 cxd4 15. Nxd4 Nc5 16. Qc2 Qb6 17. Bc6 Nxe4 18. Qxe4 Nc3 19. Qf3 Qxd4 20. Be3 Qxe5 21. Bxa8 Ba6 22. Rfe1 Bf6 23. Bb7 Be2 24. Qg3 Qb5 25. Qc7 Bd3 26. Rac1 Ne2+ 27. Rxe2 Bxe2 28. h3 Bd3 29. Bf3 Qb2 30. Rd1 Be2 31. Re1 Bxf3 32. gxf3 Qxa3 33. Qxa7 Qxa7 34. Bxa7 Rc8 35. Be3 g5 36. Rd1 Kg7 37. Rd7 Kg6 38. Kg2 Rc6 39. Rb7 Ra6 40. Rd7 Ra4 41. Rd8 Bxd8 42. Bc5 Bf6 43. Be3 Rc4 44. Bd2 Bd4 45. Kf1 Rc2 46. Be1 Bc5 47. Ba5 Rxf2+ 48. Ke1 Ra2 49. Bd2 Rxd2 50. Kxd2 Kf5 51. Ke2 Kf4 52. Kf1 Kxf3 53. Ke1 Kg3 54. Kd2 Kxh3 55. Kd3 g4 56. Ke4 g3 57. Ke5 g2 58. Kf6 g1=Q 59. Kxf7 Qg5 60. Ke8 Qf6 61. Kd7 e5 62. Kc8 e4 63. Kb7 e3 64. Ka8 e2 65. Kb7 e1=Q 66. Ka8 Qe8+ 67. Kb7 Qb6# 0-1


[Site "https://www.chess.com"]

[Event "Titled Tuesday Blitz July 11 Late 2023"]
[White "Zhigalko, Sergei"]
[Black "Sarana, Alexey"]
[WhiteFideId "13502956"]
[BlackFideId "24133795"]
[WhiteElo "2886"]
[BlackElo "3049"]
[Result "0-1"]
[Round "5"]
[TimeControl "180+2"]
[Date "2023.07.11"]
[WhiteClock "0:00:16"]
[BlackClock "0:00:24"]
[Board "12"]

1. e4 c5 2. c3 Nf6 3. e5 Nd5 4. Nf3 d6 5. Bc4 Nb6 6. Bb3 c4 7. Bc2 dxe5 8. Nxe5 Qd5 9. Qe2 f6 10. Nf3 Qe6 11. d4 cxd3 12. Bxd3 Qxe2+ 13. Bxe2 e5 14. O-O Be6 15. Rd1 Nc6 16. Bb5 a6 17. Bxc6+ bxc6 18. b3 a5 19. c4 a4 20. Bb2 Bb4 21. Bc3 axb3 22. axb3 Rxa1 23. Bxa1 Bf5 24. Bc3 Be7 25. Nbd2 Kf7 26. Bxe5 fxe5 27. Nxe5+ Kf6 28. Nxc6 Ba3 29. Nf3 Be4 30. Ncd4 Rd8 31. Re1 Bxf3 32. Nxf3 Rd3 33. Re3 Rd1+ 34. Re1 Rd3 35. Re3 Rxe3 36. fxe3 Nd7 37. Kf2 Nc5 38. Nd4 Bb2 39. Kf3 Bxd4 40. exd4 Nxb3 41. Ke4 Ke6 42. h3 Nd2+ 43. Kd3 Nf1 44. Ke4 Ng3+ 45. Kf4 Nh5+ 46. Ke3 Nf6 47. Kf4 Ne8 48. Ke4 Nd6+ 49. Kd3 Nb7 50. Ke4 Nd6+ 51. Kd3 h6 52. c5 Nf5 53. Ke4 Ne7 54. c6 Kd6 55. c7 Kxc7 56. Ke5 Kd7 57. d5 Ng6+ 58. Kf5 Nh4+ 59. Kg4 Nxg2 60. Kf5 Nh4+ 61. Kg4 Ng6 62. Kf5 Nf8 63. Ke5 Ke7 64. d6+ Kd7 65. Kd5 Ng6 66. Ke4 Kxd6 67. Kf5 Ne7+ 68. Kg4 Ke6 69. Kh5 Kf6 70. Kh4 Kf5 71. Kh5 Ng8 72. Kh4 Nf6 73. Kg3 g5 74. h4 g4 75. Kf2 Kf4 76. Ke2 g3 77. Kd3 g2 78. Ke2 g1=Q 79. Kd3 Qe3+ 80. Kc4 Ke5 81. Kb5 Qc3 82. Ka6 Qb2 83. Ka7 Kd5 84. Ka8 Kc6 85. Ka7 Qb7# 0-1


[Site "https://www.chess.com"]

[Event "Titled Tuesday Blitz July 11 Late 2023"]
[White "Dardha, Daniel"]
[Black "Deac, Bogdan-Daniel"]
[WhiteFideId "240990"]
[BlackFideId "1226380"]
[WhiteElo "2874"]
[BlackElo "2992"]
[Result "0-1"]
[Round "5"]
[TimeControl "180+2"]
[Date "2023.07.11"]
[WhiteClock "0:00:03"]
[BlackClock "0:00:05"]
[Board "13"]

1. d4 Nf6 2. Bg5 d5 3. e3 c5 4. Bxf6 exf6 5. c3 Nc6 6. g3 Be6 7. Bg2 Qb6 8. Qd2 Rd8 9. Ne2 Be7 10. dxc5 Bxc5 11. O-O O-O 12. Qc2 Rc8 13. Nd2 Rfd8 14. Nb3 Bf8 15. Nbd4 g6 16. Rad1 Ne5 17. Nf4 Bh6 18. Qb1 f5 19. Nb3 Bxf4 20. exf4 Nc4 21. Rfe1 a5 22. Re2 Nd6 23. Nd4 Ne4 24. h4 Bd7 25. Rde1 h5 26. Re3 Qc5 27. a3 b5 28. Rd1 b4 29. axb4 axb4 30. Nb3 Qb5 31. cxb4 Qxb4 32. Nd4 Rb8 33. Re2 Nc3 34. Qd3 Nxe2+ 35. Qxe2 Qxb2 36. Qe7 Ba4 37. Rd3 Qb1+ 38. Bf1 Re8 39. Qf6 Re1 40. Nxf5 Rxf1+ 41. Kg2 Rg1+ 42. Kf3 Qxd3+ 43. Ne3 Bd1# 0-1


[Site "https://www.chess.com"]

[Event "Titled Tuesday Blitz July 11 Late 2023"]
[White "Oparin, Grigoriy"]
[Black "Andreassen, Lars"]
[WhiteFideId "24125890"]
[BlackFideId "1504878"]
[WhiteElo "2986"]
[BlackElo "2409"]
[Result "1-0"]
[Round "5"]
[TimeControl "180+2"]
[Date "2023.07.11"]
[WhiteClock "0:00:08"]
[BlackClock "0:00:00"]
[Board "14"]

1. b3 d5 2. Bb2 Nf6 3. Nf3 Bg4 4. e3 Nbd7 5. h3 Bxf3 6. Qxf3 c6 7. g3 e5 8. Bg2 Bd6 9. Qe2 Qe7 10. d3 O-O 11. a3 Rae8 12. Nd2 a5 13. g4 h6 14. h4 Nh7 15. c4 d4 16. Ne4 dxe3 17. fxe3 Nc5 18. g5 Nxb3 19. Ra2 f5 20. gxf6 Nxf6 21. h5 Nc5 22. Nxc5 Bxc5 23. Rf1 Qf7 24. Bc3 Qxh5 25. Qxh5 Nxh5 26. Rxf8+ Rxf8 27. d4 exd4 28. exd4 Bb6 29. c5 Bc7 30. d5 cxd5 31. Bxd5+ Kh8 32. Bxb7 Bg3+ 33. Kd1 Nf4 34. Rd2 Ne6 35. c6 Nc5 36. Rd5 Ne4 37. Bxa5 Rf1+ 38. Kc2 Rf2+ 39. Kb3 Rf3+ 40. Kc2 Rxa3 41. Bb4 Ra2+ 42. Kb3 Ra1 43. Rd4 Rb1+ 44. Ka4 Ra1+ 45. Kb5 Nf6 46. Bc8 Rb1 47. Ka4 Ra1+ 48. Kb3 Rb1+ 49. Kc2 Ra1 50. Bf5 Ra2+ 51. Kb3 1-0


[Site "https://www.chess.com"]

[Event "Titled Tuesday Blitz July 11 Late 2023"]
[White "benny_aizenberg"]
[Black "Caruana, Fabiano"]
[BlackFideId "2020009"]
[WhiteElo "2645"]
[BlackElo "3107"]
[Result "0-1"]
[Round "5"]
[TimeControl "180+2"]
[Date "2023.07.11"]
[WhiteClock "0:00:01"]
[BlackClock "0:01:10"]
[Board "15"]

1. e4 c6 2. Nf3 d5 3. Nc3 b5 4. a3 a6 5. d4 Bg4 6. h3 Bh5 7. exd5 cxd5 8. g4 Bg6 9. Ne5 e6 10. Bg2 Nd7 11. Bf4 Nxe5 12. Bxe5 Ne7 13. Qe2 Rc8 14. O-O h5 15. Rae1 hxg4 16. hxg4 Nc6 17. Nxd5 Nxe5 18. Qxe5 Bd6 19. Qxg7 Bh2+ 20. Kh1 Be5+ 21. Qxh8+ Bxh8 22. Nf4 Qh4+ 23. Kg1 Qxg4 24. Nxg6 Qxg6 25. c3 Ke7 26. Re3 Bf6 27. Rfe1 Rh8 28. Rg3 Qc2 29. b4 Bh4 30. Rf3 Qd2 31. Kf1 Rg8 32. Bh3 Bxf2 0-1


[Site "https://www.chess.com"]

[Event "Titled Tuesday Blitz July 11 Late 2023"]
[White "Nepomniachtchi, Ian"]
[Black "Fantinel, Thibault"]
[WhiteFideId "4168119"]
[BlackFideId "663395"]
[WhiteElo "3103"]
[BlackElo "2639"]
[Result "1/2-1/2"]
[Round "5"]
[TimeControl "180+2"]
[Date "2023.07.11"]
[WhiteClock "0:00:57"]
[BlackClock "0:00:04"]
[Board "16"]

1. e4 c5 2. Nf3 e6 3. d4 cxd4 4. Nxd4 Nf6 5. Nc3 Nc6 6. Nxc6 bxc6 7. e5 Nd5 8. Ne4 Qc7 9. f4 Qb6 10. a3 a5 11. Qd3 Be7 12. c4 f5 13. Nd6+ Bxd6 14. cxd5 Ba6 15. Qc2 Bc5 16. Bxa6 Rxa6 17. dxe6 dxe6 18. Bd2 Bf2+ 19. Ke2 O-O 20. Qc4 Kf7 21. Rhd1 Rd8 22. Bc3 Rd5 23. Rd3 Ra8 24. Rf1 Bc5 25. Rc1 Rad8 26. Rxd5 Rxd5 27. b4 axb4 28. axb4 Bg1 29. Be1 Qe3+ 30. Kf1 Bxh2 31. Bf2 Qxf4 32. Qxf4 Bxf4 33. Rxc6 Bxe5 34. Ke2 g5 35. Bc5 Bf4 36. b5 Rd2+ 37. Kf1 Rb2 38. b6 h5 39. Rc7+ Kg6 40. Re7 h4 41. Bd4 Rb1+ 42. Ke2 e5 43. Bc5 e4 44. b7 Kh5 45. Ba7 Kg4 46. Rh7 Kg3 47. Rf7 Kxg2 48. Be3 Bxe3 49. Kxe3 Kg3 50. Rxf5 Rxb7 51. Rxg5+ Kh2 52. Kxe4 Rf7 53. Ke3 h3 54. Ke2 Kh1 55. Rg8 h2 56. Ke1 Re7+ 57. Kf2 Rf7+ 58. Ke2 Rf5 59. Ke1 Ra5 60. Kf2 Ra2+ 61. Kf1 Ra1+ 62. Kf2 Rg1 63. Ra8 Rg6 64. Rf8 Rg2+ 65. Kf1 Rg1+ 66. Kf2 Rg2+ 67. Kf1 Rg1+ 68. Kf2 Rg2+ 1/2-1/2


[Site "https://www.chess.com"]

[Event "Titled Tuesday Blitz July 11 Late 2023"]
[White "Duda, Jan-Krzysztof"]
[Black "Ovchinnikov, Vsevolod"]
[WhiteFideId "1170546"]
[BlackFideId "24176842"]
[WhiteElo "3047"]
[BlackElo "2638"]
[Result "1/2-1/2"]
[Round "5"]
[TimeControl "180+2"]
[Date "2023.07.11"]
[WhiteClock "0:00:08"]
[BlackClock "0:00:09"]
[Board "17"]

1. d4 Nf6 2. c4 g6 3. g3 d5 4. cxd5 Nxd5 5. Bg2 Bg7 6. Nf3 Nb6 7. Nc3 Nc6 8. e3 O-O 9. O-O e5 10. d5 Ne7 11. e4 Bg4 12. h3 Bxf3 13. Qxf3 c6 14. Rd1 cxd5 15. exd5 Nf5 16. d6 Rb8 17. Qd3 Qd7 18. b3 Rbc8 19. Ba3 Nd4 20. Rac1 Rfd8 21. Qd2 h6 22. Bb4 Kh7 23. Ne4 Qf5 24. g4 Nf3+ 25. Bxf3 Qxf3 26. Qe3 Qxe3 27. fxe3 Rxc1 28. Rxc1 f5 29. Nc3 e4 30. gxf5 gxf5 31. Bc5 Nd7 32. Bxa7 Rc8 33. Ne2 Rxc1+ 34. Nxc1 Be5 35. Ne2 Bxd6 36. Bd4 Kg6 37. Kf2 Kg5 38. a4 Ne5 39. Bxe5 Bxe5 40. b4 Kf6 41. a5 Bc7 42. Nc3 Ke5 43. Kg3 Bd8 44. Kf2 Bc7 45. Ke2 Bd8 46. Kd2 Be7 47. b5 Bb4 48. a6 bxa6 49. bxa6 Bc5 50. Nb5 f4 51. exf4+ Kxf4 52. a7 Bxa7 53. Nxa7 Kf3 54. Ke1 Kg3 55. Nc6 Kxh3 56. Ne7 h5 57. Ng6 Kg4 58. Ke2 h4 59. Nxh4 Kxh4 60. Ke3 Kg3 61. Kxe4 1/2-1/2


[Site "https://www.chess.com"]

[Event "Titled Tuesday Blitz July 11 Late 2023"]
[White "Bjelobrk, Igor"]
[Black "Bortnyk, Mykola"]
[WhiteFideId "4300726"]
[BlackFideId "14120836"]
[WhiteElo "2637"]
[BlackElo "2993"]
[Result "0-1"]
[Round "5"]
[TimeControl "180+2"]
[Date "2023.07.11"]
[WhiteClock "0:00:07"]
[BlackClock "0:01:26"]
[Board "18"]

1. d4 f5 2. Nc3 Nf6 3. Bg5 d5 4. Bxf6 exf6 5. e3 Be6 6. Bd3 h5 7. h4 Nc6 8. a3 Qd7 9. Nge2 g6 10. b3 a6 11. Na4 Bd6 12. c4 Bf7 13. Nac3 O-O 14. Nxd5 Bxd5 15. cxd5 Ne7 16. Nc3 b5 17. O-O Kg7 18. Qf3 Bxa3 19. Rxa3 b4 20. Ra5 bxc3 21. Rc1 Rfd8 22. Rxc3 Nxd5 23. Rxd5 Qxd5 24. Rxc7+ Kh6 25. Qf4+ g5 26. Bxf5 Rd7 27. Rxd7 Qxd7 28. hxg5+ fxg5 29. Qe5 Qf7 30. d5 Rf8 31. e4 Qf6 32. Qc7 Rf7 33. d6 Rxc7 34. dxc7 Qa1+ 35. Kh2 Qe5+ 0-1


[Site "https://www.chess.com"]

[Event "Titled Tuesday Blitz July 11 Late 2023"]
[White "Bok, Benjamin"]
[Black "Kantans, Toms"]
[WhiteFideId "1017063"]
[BlackFideId "11602945"]
[WhiteElo "2981"]
[BlackElo "2636"]
[Result "1-0"]
[Round "5"]
[TimeControl "180+2"]
[Date "2023.07.11"]
[WhiteClock "0:00:37"]
[BlackClock "0:00:08"]
[Board "19"]

1. Nf3 c5 2. c4 Nc6 3. Nc3 e5 4. g3 g6 5. Bg2 Bg7 6. a3 Nge7 7. O-O O-O 8. d3 d6 9. Rb1 a5 10. Bd2 h6 11. Ne1 Be6 12. Nd5 Rb8 13. b4 axb4 14. axb4 b5 15. bxc5 bxc4 16. Rxb8 Qxb8 17. dxc4 dxc5 18. Nd3 Rd8 19. Nxc5 Bxd5 20. cxd5 Nxd5 21. Qa4 Nd4 22. e3 Ne2+ 23. Kh1 Nec3 24. Qc4 Qb2 25. Be1 Qb5 26. Qxb5 Nxb5 27. Ba5 Ra8 28. Nb3 Ndc7 29. Bxa8 Nxa8 30. Rc1 Nd6 31. Rc6 Bf8 32. Ra6 1-0


[Site "https://www.chess.com"]

[Event "Titled Tuesday Blitz July 11 Late 2023"]
[White "Kollars, Dmitrij"]
[Black "Martinez Ramirez, Lennis"]
[WhiteFideId "12909572"]
[BlackFideId "3509079"]
[WhiteElo "2976"]
[BlackElo "2635"]
[Result "1/2-1/2"]
[Round "5"]
[TimeControl "180+2"]
[Date "2023.07.11"]
[WhiteClock "0:00:06"]
[BlackClock "0:00:06"]
[Board "20"]

1. d4 Nf6 2. Nf3 e6 3. c4 d5 4. g3 Be7 5. Bg2 O-O 6. Nc3 dxc4 7. Ne5 Nc6 8. Bxc6 bxc6 9. Nxc6 Qe8 10. Nxe7+ Qxe7 11. Qa4 c5 12. dxc5 Qxc5 13. Be3 Qc7 14. f3 e5 15. Qa3 Be6 16. O-O-O h6 17. Qc5 Rfc8 18. Qxc7 Rxc7 19. Rd6 Kf8 20. Rhd1 Ke7 21. Ra6 Rb7 22. Na4 Nd7 23. Nc3 Rab8 24. Bxa7 Rc8 25. Bf2 Nc5 26. Bxc5+ Rxc5 27. Rdd6 g5 28. a4 h5 29. Ne4 Rc8 30. Rdb6 Rxb6 31. Rxb6 g4 32. a5 Bd5 33. Nc3 Bc6 34. fxg4 hxg4 35. Rb4 Bg2 36. Kd2 f5 37. Ke3 Ra8 38. Rb5 Kd6 39. Rb6+ Kc5 40. Na4+ Kd5 41. Rb5+ Kd6 42. Rb6+ Bc6 43. a6 Kc7 44. Rb4 Rxa6 45. Nc3 Rb6 46. Na2 Rxb4 47. Nxb4 Bb7 48. Kd2 Kd6 49. e3 Kc5 50. Kc3 Be4 51. Na2 Kb5 52. Nc1 Kc5 53. Ne2 Bf3 54. Ng1 Bd1 55. h4 gxh3 56. Nxh3 Bg4 57. Ng5 Kd5 58. Kb4 Be2 59. Kc3 Bf1 60. Kd2 Bg2 61. Nf7 Bf1 62. Ke1 Bd3 63. Kd2 Bf1 64. Nd8 Bd3 65. Nb7 Bf1 66. Nd8 Ke4 67. Nf7 Bd3 68. Ng5+ Kd5 69. b4 Be4 70. Kc3 Bd3 71. Kd2 Kc6 72. e4 fxe4 73. g4 Kb5 74. Kc3 e3 75. Nf3 e2 76. Ne1 Kc6 77. g5 Kd5 78. b5 Kc5 79. Kd2 Bf5 80. Kxe2 Kxb5 81. Ke3 Kb4 82. Kd2 c3+ 83. Kc1 Kb3 84. Nf3 Kc4 85. Nxe5+ Kd4 86. Nf7 Kd5 87. Nh6 Bg6 88. Ng4 Ke4 89. Nf2+ Kf4 90. Nd1 Kxg5 91. Nxc3 1/2-1/2


[Site "https://www.chess.com"]

[Event "Titled Tuesday Blitz July 11 Late 2023"]
[White "Di Berardino, Diego Rafael"]
[Black "Kramnik, Vladimir"]
[WhiteFideId "2105446"]
[BlackFideId "4101588"]
[WhiteElo "2633"]
[BlackElo "2970"]
[Result "0-1"]
[Round "5"]
[TimeControl "180+2"]
[Date "2023.07.11"]
[WhiteClock "0:00:00"]
[BlackClock "0:00:06"]
[Board "21"]

1. d4 Nf6 2. c4 e6 3. Nc3 d5 4. cxd5 exd5 5. Bg5 c6 6. e3 h6 7. Bh4 Be7 8. Bd3 O-O 9. Nge2 Re8 10. O-O Nbd7 11. f3 b5 12. Qd2 Bb7 13. Rae1 a6 14. Qc2 c5 15. dxc5 Bxc5 16. Bf2 Bxe3 17. Bxe3 Rxe3 18. Nd4 Rxe1 19. Rxe1 Qb6 20. Qf2 g6 21. Kh1 h5 22. h3 Re8 23. Rxe8+ Nxe8 24. Nce2 Ng7 25. Qg3 b4 26. Qg5 Qf6 27. Qc1 Ne8 28. Qd2 Qe7 29. Qc2 Ne5 30. Nf4 Qg5 31. Nde2 Qe7 32. Qd2 Qc5 33. b3 Nf6 34. Kh2 a5 35. Bb1 Qf2 36. Kh1 h4 37. Qd1 Nxf3 38. gxf3 Qxf3+ 39. Kh2 d4 40. Qg1 Nh5 41. Bxg6 fxg6 42. Qxg6+ Ng7 0-1


[Site "https://www.chess.com"]